 Dungeon Crawl Stone Soup version 0.30-a0-613-gdd512c7efb (webtiles) character file.

Game seed: 9224346169970978630

204 acebull12 the Grasshopper (level 5, -1/26 HPs)
             Began as a Spriggan Warper on Jan 8, 2023.
             Was a Priest of Elyvilon.
             Slain by OTABOTABOTAB's ghost (4 damage)
             ... on level 3 of the Dungeon.
             The game lasted 00:16:34 (2517 turns).

acebull12 the Grasshopper (Spriggan Warper)         Turns: 2517, Time: 00:16:35

Health: -1/26      AC:  2    Str:  7    XL:     5   Next: 52%
Magic:  11/11      EV: 18    Int: 14    God:    Elyvilon [***...]
Gold:   155        SH:  0    Dex: 17    Spells: 6/11 levels left

rFire   . . .      SeeInvis +    q - +1 dagger (protect)
rCold   . . .      Faith    .    (no shield)
rNeg    . . .      Spirit   .    b - +0 robe
rPois   .          Reflect  .    (helmet restricted)
rElec   .          Harm     .    (no cloak)
rCorr   .          Rampage  .    (gloves unavailable)
Will    .....                    (boots unavailable)
Stlth   ++                       m - amulet of magic regeneration
HPRegen 0.24/turn                (no ring)
MPRegen 0.52/turn                (no ring)

@: brilliant, lethally poisoned (-1 -> -4), flying, hasted, very quick
A: very small, no large weapons, unfitting armour, see invisible, speed 3
a: Renounce Religion, Purification, Heal Other, Heal Self


You were on level 3 of the Dungeon.
You worshipped Elyvilon.
Elyvilon was most pleased with you.
You visited 1 branch of the dungeon, and saw 3 of its levels.

You collected 155 gold pieces.

Inventory:

Hand Weapons
 q - a +1 dagger of protection (weapon)
Armour
 b - a +0 robe (worn)
Jewellery
 m - an amulet of magic regeneration (around neck)
Scrolls
 c - 2 scrolls of blinking
 d - 3 scrolls of identify {unknown}
 e - a scroll of amnesia {unknown}
 g - 2 scrolls of noise {unknown}
 i - a scroll of enchant armour {unknown}
 j - a scroll of immolation {unknown}
 k - a scroll of vulnerability {unknown}
 p - a scroll of fear {unknown}
Potions
 a - a potion of flight
 f - 2 potions of brilliance
 h - a potion of might {unknown}
 l - a potion of heal wounds {unknown}


   Skills:
 + Level 1.7 Fighting
 * Level 3.9 Short Blades
 + Level 1.2 Throwing
 + Level 3.8 Dodging
 * Level 3.3 Stealth
 * Level 3.6 Spellcasting
 * Level 5.3 Translocations
 * Level 1.0 Air Magic


You had 6 spell levels left.
You knew the following spells:

 Your Spells              Type           Power      Damage    Failure   Level
a - Blink                 Tloc           52%        N/A       3%          2
b - Vhi's Electric Charg  Tloc/Air       34%        N/A       16%         3

Your spell library contained the following spells:

 Spells                   Type           Power      Damage    Failure   Level
 Apportation              Tloc           52%        N/A       2%          1
 Lesser Beckoning         Tloc           52%        N/A       7%          3
 Teleport Other           Tloc           26%        N/A       7%          3
 Necrotise                Necr           12%        1d4       21%         1
 Summon Small Mammal      Summ           12%        N/A       21%         1
 Manifold Assault         Tloc           26%        N/A       22%         4
 Frozen Ramparts          Ice            6%         1d1       52%         3
 Ice Form                 Ice/Tmut       3%         N/A       89%         4
 Summon Ice Beast         Ice/Summ       3%         N/A       89%         4
 Storm Form               Tmut/Air       2%         N/A       100%        7


Dungeon Overview and Level Annotations

Branches:
Dungeon (3/15)

Altars:
Elyvilon
Nemelex Xobeh

Annotations:
D:3 OTABOTABOTAB's ghost, amateur OpTm; Sigmund; Terence


Innate Abilities, Weirdness & Mutations

You are very small and have problems with some larger weapons.
You are too small for most types of armour.
You have supernaturally acute eyesight. (SInv)
You cover ground extremely quickly. (Speed+++)


Message History

OTABOTABOTAB's ghost is severely damaged.
You closely miss OTABOTABOTAB's ghost.
OTABOTABOTAB's ghost is severely damaged.
OTABOTABOTAB's ghost closely misses you.
You miss OTABOTABOTAB's ghost.
OTABOTABOTAB's ghost is severely damaged.
OTABOTABOTAB's ghost hits you.
You are poisoned.
You closely miss OTABOTABOTAB's ghost.
OTABOTABOTAB's ghost is severely damaged.
You feel sick.
OTABOTABOTAB's ghost hits you but does no damage.
You are more poisoned.
You closely miss OTABOTABOTAB's ghost.
OTABOTABOTAB's ghost is severely damaged.
You feel very sick.
OTABOTABOTAB's ghost hits you but does no damage.
You are lethally poisoned!
You closely miss OTABOTABOTAB's ghost.
OTABOTABOTAB's ghost is severely damaged.
You feel very sick.
You feel very sick.
You feel sick.
You feel sick.
You feel sick.
* * * LOW HITPOINT WARNING * * *
You feel sick.
It was a potion of brilliance.
You feel clever all of a sudden.
* * * LOW HITPOINT WARNING * * *
You feel sick.
It was a potion of flight.
You feel very buoyant.
You fly up into the air.
* * * LOW HITPOINT WARNING * * *
You feel sick.
It was a potion of haste.
You feel yourself speed up.
* * * LOW HITPOINT WARNING * * *
You feel sick. OTABOTABOTAB's ghost hits you.
You die...

#####........##..######.#
#.###...⌠..##..# #.#
##...###...####.### #.#
#..⌠...###.#..#...# #.#
##........#.#....#.# #.#
#...........##.###.####.#
##........⌠.###.# #>.....#
#.....⌠.....# #.# ########
##.⌠.......@## #.#
#............W# #.#
#####.......o## ##.#
###...⌠..# #.#########
###...#####.#..#.#..# #.
###.#.....##.$!..## ### #.
##.#.....#.).....#
...##'#####..#.....##.....##
................##.#W......#


You could see OTABOTABOTAB's ghost and an orc.

Vanquished Creatures
  A water moccasin skeleton (D:3)
  A centaur zombie (D:3)
  3 gnolls (D:2)
  3 adders
  A howler monkey skeleton (D:3)
  A worm (D:2)
  A dart slug (D:2)
  6 bats
  6 endoplasms
  2 giant cockroaches (D:1)
  4 goblins
  6 hobgoblins
  5 quokkas
  2 ball pythons
  A frilled lizard (D:3)
  4 kobolds
  3 rats
50 creatures vanquished.

Notes
Turn   | Place    | Note
-------+----------+-------------------------------------------
     0 | D:1      | acebull12 the Spriggan Warper began the quest for the Orb.
     0 | D:1      | Reached XP level 1. HP: 10/10 MP: 5/5
   180 | D:1      | Found a faded altar of an unknown god.
   236 | D:1      | Prayed at the altar of an unknown god.
   236 | D:1      | Became a worshipper of Elyvilon the Healer
   236 | D:1      | Reached * piety under Elyvilon
   356 | D:1      | Reached XP level 2. HP: 8/14 MP: 7/7
   685 | D:2      | Reached skill level 1 in Stealth
   763 | D:2      | Reached ** piety under Elyvilon
   779 | D:2      | Upgraded the game from 0.30-a0-605-gb2882149bf to
                  | 0.30-a0-613-gdd512c7efb
   799 | D:2      | Found a sparkling altar of Nemelex Xobeh.
   962 | D:2      | Reached XP level 3. HP: 15/18 MP: 8/8
  1011 | D:2      | Reached skill level 5 in Translocations
  1023 | D:2      | Learned a level 2 spell: Blink
  1063 | D:2      | Learned a level 3 spell: Vhi's Electric Charge
  1625 | D:2      | Reached XP level 4. HP: 21/22 MP: 10/10
  1789 | D:3      | Noticed Terence
  1825 | D:3      | Noticed Sigmund
  1935 | D:3      | Reached *** piety under Elyvilon
  2271 | D:3      | Found a runed translucent gate.
  2271 | D:3      | Found a runed translucent gate.
  2271 | D:3      | Found a runed translucent gate.
  2271 | D:3      | Noticed OTABOTABOTAB's ghost (amateur OpTm)
  2318 | D:3      | Reached XP level 5. HP: 6/26 MP: 11/11
  2456 | D:3      | Reached skill level 1 in Air Magic
  2517 | D:3      | Slain by OTABOTABOTAB's ghost

Illustrated notes

Levels and vault maps discovered:
D:1:      reono_arrival_forest_river, layout_rooms, basic_ecumenical_altar
D:2:      layout_basic, basic_altar, solitary_fountain
D:3:      minmay_skewed_foursquare, layout_basic, gammafunk_ghost_necromancy,
          minmay_fractal_squares_diagonal_5, uniq_sigmund, uniq_terence

Skill      XL: |  1  2  3  4  5 |
---------------+----------------+-----
Spellcasting   | 3 |  3.6
Stealth        | 1 2 3 |  3.3
Translocations | 5 |  5.3
Short Blades   | 3 |  3.9
Air Magic      | 1 |  1.0
Fighting       | |  1.7
Throwing       | |  1.2
Dodging        | |  3.8

Action                   |  1- 3 |  4- 6 || total
-------------------------+-------+-------++-------
Melee: Short sword       |   129 |       ||   129
       Dagger            |    37 |   155 ||   192
       Punch             |     4 |     2 ||     6
Throw: Boomerang         |     7 |       ||     7
  Use: Potion            |       |     3 ||     3
 Stab: Sleeping          |     3 |     4 ||     7
       Distracted        |       |     2 ||     2
Armor: Robe              |    11 |    21 ||    32
Dodge: Dodged            |   136 |    93 ||   229

Table legend: (Time is in decaauts)
 A = Elapsed time spent in this place.
 B = Non-inter-level travel time spent in this place.
 C = Inter-level travel time spent in this place.
 D = Time resting spent in this place.
 E = Time spent auto-exploring this place.
 F = Levels seen in this place.
 G = Mean time per level.
                   A        B        C        D        E       F      G
               +--------+--------+--------+--------+--------+-----+--------+
         Total |   1760 |   1679 |     81 |    104 |    730 |   3 |  586.7 |
       Dungeon |   1760 |   1679 |     81 |    104 |    730 |   3 |  586.7 |
               +--------+--------+--------+--------+--------+-----+--------+

Top non-repeatable levels by time:
     D:2: 799 daAuts
     D:3: 510 daAuts
     D:1: 450 daAuts
